AoeStats
← The Horse

African Clearing

506899029Analyzed
2v2 RM · 15d ago on Sep 15, 2026· 83m 38s· 4 players
Game mode
Random Map
Map size
Medium (4 player)
Population
200
Speed
Normal
Resources
Standard
Victory
Conquest
Starting age
Dark Age
Ending age
Imperial Age
RankedLock teamsTeams togetherTeam positionsShared explorationLock speedFull tech treeHidden civsTurbo modeCheats
Victory
Defeat
🇹🇷 Khmer · Türkiye
1239
+13
🇹🇷 Koreans · Türkiye
1108
+18
🇷🇺 Mongols · Russia
1180
-16
🇷🇺 Romans · Russia
1147
-15
GabbyMister
4:48 Loom
13:19 Feudal Age
17:12 Castle Age
22:17 Horse Collar
23:37 Double-Bit Axe
25:08 Forging
25:18 Scale Barding Armor
25:51 Heavy Plow
27:16 Wheelbarrow
27:32 Bloodlines
29:00 Iron Casting
28:33 Husbandry
29:19 Gold Mining
30:30 Chain Barding Armor
30:33 Stone Mining
32:56 Hand Cart
40:59 Gold Shaft Mining
55:14 Imperial Age
53:57 Bow Saw
56:25 Conscription
56:59 Crop Rotation
56:14 Man-at-Arms
56:57 Squires
57:49 Comitatenses
57:31 Long Swordsman
59:01 Legionary
59:39 Cavalier
61:37 Chemistry
60:58 Ballistics
64:11 Pikeman
65:19 Scale Mail Armor
66:19 Blast Furnace
64:53 Halberdier
66:38 Ballistas
66:44 Heavy Scorpion
69:00 Chain Mail Armor
81:05 Siege Engineers
MisterGabby
2:46 Loom
11:57 Feudal Age
17:20 Castle Age
16:16 Double-Bit Axe
28:39 Wheelbarrow
31:39 Bow Saw
31:28 Fletching
31:43 Gold Mining
33:45 Horse Collar
35:56 Bodkin Arrow
36:41 Hand Cart
39:23 Gold Shaft Mining
39:24 Padded Archer Armor
39:30 Heavy Plow
42:20 Leather Archer Armor
42:33 Bloodlines
42:24 Husbandry
42:47 Town Watch
43:29 Ballistics
45:22 Town Patrol
48:33 Imperial Age
46:44 Murder Holes
47:52 Thumb Ring
47:47 Stone Mining
49:19 Stone Shaft Mining
49:18 Bracer
51:06 Elite Mangudai
53:48 Chemistry
55:00 Hoardings
54:55 Siege Engineers
56:11 Masonry
61:01 Drill
61:43 Heavy Scorpion
64:14 Forging
64:10 Scale Barding Armor
64:37 Heavy Camel Rider
66:11 Iron Casting
77:41 Coinage
The Horse
8:54 Loom
13:12 Feudal Age
19:07 Castle Age
18:31 Scale Barding Armor
19:43 Double-Bit Axe
24:21 Husbandry
26:31 Forging
28:42 Chain Barding Armor
34:34 Iron Casting
39:47 Horse Collar
54:54 Wheelbarrow
57:56 Imperial Age
56:22 Hand Cart
56:57 Town Watch
59:32 Cavalier
78:30 Bow Saw
81:05 Elite Skirmisher
82:27 Fletching
83:05 Bodkin Arrow
KAWA!
5:47 Loom
11:47 Feudal Age
15:37 Fletching
19:11 Padded Archer Armor
24:02 Castle Age
22:28 Horse Collar
24:14 Crossbowman
24:50 Bodkin Arrow
25:06 Double-Bit Axe
26:44 Leather Archer Armor
30:14 Ballistics
31:25 Town Watch
32:16 Wheelbarrow
35:28 Hand Cart
39:18 Murder Holes
40:26 Masonry
44:26 Imperial Age
43:31 Scale Barding Armor
43:39 Bloodlines
43:29 Husbandry
42:50 Light Cavalry
45:32 Chain Barding Armor
44:35 Elite Ballista Elephant
47:29 Chemistry
47:50 Plate Barding Armor
47:48 Bracer
48:21 Ring Archer Armor
48:23 Conscription
48:35 Forging
48:16 Arbalester
49:59 Double Crossbow
50:07 Siege Engineers
54:39 Hoardings
55:11 Capped Ram
57:59 Iron Casting
56:52 Hussar
60:54 Blast Furnace
62:42 Gold Mining
62:43 Stone Mining
64:30 Siege Ram
66:43 Gold Shaft Mining
66:44 Stone Shaft Mining
73:16 Town Patrol
74:42 Architecture
75:58 Bow Saw
75:54 Heavy Plow
75:55 Scale Mail Armor
81:19 Sappers
82:19 Chain Mail Armor
Connection lost

Rejoining the realm…

Still unreachable

The connection could not be restored.

Session expired

The server has moved on; the page needs a fresh start.